 Dungeon Crawl Stone Soup version 0.23-a0-643-g9ccc95a (webtiles) character file.

476 MalarOregon the Poker (level 7, -7/54 HPs)
             Began as a Merfolk Gladiator on Jan 1, 2019.
             Killed by nerve-wracking pain
             ... invoked by Menkaure
              (13 damage)
             ... on level 4 of the Dungeon.
             The game lasted 00:09:21 (3735 turns).

MalarOregon the Poker (Merfolk Gladiator)           Turns: 3735, Time: 00:09:22

Health: -7/54      AC:  4    Str: 14    XL:     7   Next: 10%
Magic:  7/7        EV: 21    Int: 10    God:
Gold:   134        SH:  0    Dex: 20    Spells: 6/6 levels left

rFire    . . .     SeeInvis .   a - +0 trident
rCold    . . .     Gourm    .   (no shield)
rNeg     . . .     Faith    .   b - +0 leather armour
rPois    .         Spirit   .   c - +0 helmet
rElec    .         Reflect  .   (no cloak)
rCorr    .         Harm     .   (no gloves)
MR       .....                  (no boots)
Stlth    +++.......             (no amulet)
HPRegen  0.18/turn              (no ring)
MPRegen  0.10/turn              (no ring)

@: agile
A: change form in water, swift swim, stealthy swim
a: no special abilities


You were on level 4 of the Dungeon.
You were very hungry.

You visited 1 branch of the dungeon, and saw 4 of its levels.

You collected 134 gold pieces.

Inventory:

Hand Weapons
 a - a +0 trident (weapon)
Missiles
 d - 3 throwing nets (quivered) {!f}
 r - 7 curare-tipped needles {!f}
 A - 3 tomahawks
Armour
 b - a +0 leather armour (worn)
 c - a +0 helmet (worn)
Jewellery
 n - an uncursed ring of protection from magic {unknown}
   (You found it on level 1 of the Dungeon)
 y - an uncursed ring of protection from magic {unknown}
   (You found it on level 3 of the Dungeon)
Scrolls
 h - 2 scrolls of immolation {unknown}
 i - 2 scrolls of magic mapping {unknown}
 j - a scroll of enchant armour {unknown}
 k - 4 scrolls of remove curse {unknown}
 l - 3 scrolls of teleportation {unknown}
 o - a scroll of fog {unknown}
 p - a scroll of blinking {unknown}
 q - a scroll of amnesia {unknown}
 u - 2 scrolls of identify {unknown}
 v - 2 scrolls of enchant weapon {unknown}
Potions
 f - 2 potions of invisibility {unknown}
 g - 2 potions of agility
 m - 2 potions of mutation {unknown}
 s - a potion of resistance {unknown}
 w - a potion of berserk rage {unknown}
 z - a potion of might {unknown}
Comestibles
 e - 9 rations {!d}


   Skills:
 + Level 4.1 Fighting
 + Level 6.3 Polearms
 + Level 3.7 Throwing
 + Level 2.0 Armour
 + Level 5.8 Dodging


You had 6 spell levels left.
You didn't know any spells.
Your spell library contained the following spells:

 Spells                   Type           Power        Failure   Level  Hunger
 Magic Dart               Conj           #...         43%         1    ##.....
 Blink                    Tloc           N/A          56%         2    ###....
 Call Imp                 Summ           #.......     56%         2    ###....
 Slow                     Hex            #.......     56%         2    ###....
 Conjure Flame            Conj/Fire      #.......     80%         3    ####...
 Mephitic Cloud           Conj/Pois/Air  #.......     80%         3    ####...


Dungeon Overview and Level Annotations

Branches:
Dungeon (4/15)             Temple (0/1) D:4

Altars:
Gozag
Qazlal
Ru
Wu Jian
The Shining One

Annotations:
D:4 Menkaure


Message History

You hit the orc but do no damage. The orc completely misses you.
You hit the orc. The orc closely misses you.
You barely miss the orc.
Menkaure gestures wildly while chanting.
Menkaure seems to speed up.
The orc hits you.
* * * LOW HITPOINT WARNING * * *
You barely miss the orc. The orc barely misses you.
You hit the orc but do no damage. Menkaure closely misses you.
The orc barely misses you.
You hit the orc but do no damage. Menkaure completely misses you.
The orc barely misses you.
You closely miss the orc. Menkaure completely misses you. The orc hits you.
* * * LOW HITPOINT WARNING * * *
Menkaure barely misses you.
You hit the orc but do no damage. Menkaure hits you but does no damage.
The orc misses you.
You completely miss the orc. Menkaure closely misses you. The orc hits you.
* * * LOW HITPOINT WARNING * * *
You closely miss the orc. Menkaure misses you.
You hit the orc.
You kill the orc!
Menkaure hits you!
* * * LOW HITPOINT WARNING * * *
It was a potion of agility.
You feel agile all of a sudden. Menkaure misses you.
You feel better.
Menkaure calls on the powers of darkness!
Your body is wracked with pain!
* * * LOW HITPOINT WARNING * * *
Menkaure misses you.
You hit Menkaure but do no damage. Menkaure misses you.
You hit Menkaure but do no damage.
Menkaure calls on the powers of darkness!
Your body is wracked with pain!
* * * LOW HITPOINT WARNING * * *
You hit Menkaure. Menkaure barely misses you.
You completely miss Menkaure.
Menkaure gestures at you while chanting.
Pain shoots through your body!
* * * LOW HITPOINT WARNING * * *
You hit Menkaure. Menkaure misses you.
Menkaure gestures at you while chanting.
You struggle to resist.
You hit Menkaure. Menkaure barely misses you.
You hit Menkaure. Menkaure misses you.
You barely miss Menkaure.
Menkaure points at you and mumbles some strange words.
Pain shoots through your body!
You die...

................#
................#
###.##..###...###
##+##..###...##
#.............#
#.............#
#......####+##
#......##...####...
#......(...@($.....
#......#....M...=..
#################..


You could see Menkaure.

Vanquished Creatures
  An ogre (D:4)
  A phantom (D:4)
  A scorpion (D:3)
  A bullfrog skeleton (D:4)
  2 orc wizards
  Jessica (D:2)
  Terence (D:2)
  3 adders
  An ooze (D:3)
  A worm (D:3)
  4 dart slugs
  2 leopard geckos (D:4)
  13 orcs
  A ball python (D:3)
  3 giant cockroaches
  6 goblins
  6 hobgoblins
  A quokka (D:4)
  5 bats
  2 frilled lizards
  5 kobolds
  A quokka skeleton (D:4)
  6 rats
68 creatures vanquished.

Notes
Turn   | Place    | Note
-------+----------+-------------------------------------------
     0 | D:1      | MalarOregon the Merfolk Gladiator began the quest for the
                  | Orb.
     0 | D:1      | Reached XP level 1. HP: 16/16 MP: 1/1
   104 | D:1      | Reached XP level 2. HP: 23/23 MP: 2/2
   934 | D:2      | Reached XP level 3. HP: 22/28 MP: 3/3
   954 | D:2      | Noticed Jessica
   962 | D:2      | Killed Jessica
   962 | D:2      | Reached skill level 5 in Polearms
   974 | D:2      | Noticed Terence
   983 | D:2      | Killed Terence
   983 | D:2      | Reached XP level 4. HP: 26/35 MP: 4/4
  1429 | D:3      | Reached skill level 1 in Armour
  1682 | D:3      | Found a faded altar of an unknown god.
  1682 | D:3      | Found a faded altar of an unknown god.
  1687 | D:3      | Found an ornate altar of the Wu Jian Council.
  1691 | D:3      | Found a stormy altar of Qazlal.
  1692 | D:3      | Found a sacrificial altar of Ru.
  1746 | D:3      | Reached XP level 5. HP: 41/41 MP: 5/5
  1789 | D:3      | Found a glowing golden altar of the Shining One.
  1861 | D:3      | Reached skill level 5 in Dodging
  2748 | D:3      | Reached XP level 6. HP: 21/47 MP: 6/6
  3214 | D:4      | Found a staircase to the Ecumenical Temple.
  3238 | D:4      | Found an opulent altar of Gozag.
  3332 | D:4      | Noticed a phantom
  3344 | D:4      | Reached skill level 6 in Polearms
  3475 | D:4      | Killed a phantom
  3475 | D:4      | Reached XP level 7. HP: 21/54 MP: 7/7
  3710 | D:4      | Noticed Menkaure
  3735 | D:4      | Killed from afar by Menkaure

Vault maps used:
D:1:      scummos_arrival_hexagon, chequers_serial_rivers_small_3
D:2:      hangedman_abyss_or_decor_stabs, chequers_serial_rivers_small_b,
          uniq_terence, uniq_jessica
D:3:      chequers_temple_overflow_minitemple, lemuel_crystal_altar,
          chequers_serial_rivers_room_b
D:4:      zin_statuary, grunt_gozag_breadcrumbs,
          minmay_temple_entry_glassed_door, uniq_menkaure

Skill      XL: |  1  2  3  4  5  6 |
---------------+-------------------+-----
Polearms       | 5 6 |  6.3
Fighting       | 3 4 |  4.1
Armour         | 1 2 |  2.0
Throwing       | 3 |  3.7
Dodging        | 5 |  5.8

Action                   |  1- 3 |  4- 6 |  7- 9 || total
-------------------------+-------+-------+-------++-------
Melee: Trident           |    56 |   208 |    30 ||   294
       Tailslap          |     1 |       |       ||     1
  Use: Potion            |       |     1 |     2 ||     3
 Stab: Sleeping          |     2 |     2 |       ||     4
       Distracted        |       |     1 |       ||     1
  Eat: Chunk             |       |     8 |       ||     8
Armor: Leather armour    |     5 |    21 |     1 ||    27
Dodge: Dodged            |    23 |   118 |    30 ||   171

Table legend:
 A = Non-vault XP
 B = Vault XP
 C = Vault XP percentage of total XP
 D = Non-vault monster count
 E = Vault monster count
 F = Vault count percentage of total count
                 A         B        C        D         E       F
            +---------+---------+-------+---------+---------+-------
      Total |     608 |      73 |  10.7 |      66 |       2 |   2.9
            +---------+---------+-------+---------+---------+-------
        D:1 |      22 |       0 |   0.0 |      11 |       0 |   0.0
        D:2 |      40 |      73 |  64.6 |      11 |       2 |  15.4
        D:3 |     182 |       0 |   0.0 |      29 |       0 |   0.0
        D:4 |     364 |       0 |   0.0 |      15 |       0 |   0.0
            +---------+---------+-------+---------+---------+-------
